 Dungeon Crawl Stone Soup version 0.29-a0-422-gafbd6decc1 (webtiles) character file.

Game seed: 11825765150861874412

199 holysushi the Cutter (level 5, -14/33 HPs)
             Began as an Octopode Artificer on May 19, 2022.
             Demolished by an orc warrior
             ... wielding a +0 scimitar
              (22 damage)
             ... on level 4 of the Dungeon.
             The game lasted 00:05:25 (3033 turns).

holysushi the Cutter (Octopode Artificer)           Turns: 3033, Time: 00:05:25

Health: -14/33     AC:  1    Str: 11    XL:     5   Next: 77%
Magic:  5/5        EV: 13    Int: 14    God:
Gold:   174        SH:  5    Dex: 14    Spells: 4/4 levels left

rFire   . . .      SeeInvis .   a - +2 dagger (spect)
rCold   . . .      Faith    .   u - +2 buckler
rNeg    . . .      Spirit   .   (helmet restricted)
rPois   .          Reflect  .   (no amulet)
rElec   .          Harm     .   (no ring)
rCorr   .          Rampage  .   (no ring)
Will    .....                   (no ring)
Stlth   +++.......              (no ring)
HPRegen 0.11/turn               (no ring)
MPRegen 0.09/turn               (no ring)
                                (no ring)
                                (no ring)

@: no status effects
A: almost no armour, amphibious, 8 rings, camouflage 1, gelatinous body 1,
(nimble swimmer 1), tentacles
a: no special abilities


You were on level 4 of the Dungeon.
You visited 1 branch of the dungeon, and saw 4 of its levels.

You collected 174 gold pieces.

Inventory:

Hand Weapons
 a - a +2 spectral dagger (weapon)
 e - a +0 short sword
Armour
 u - a +2 buckler (worn)
Wands
 b - a wand of flame (15) (quivered)
 c - a wand of charming (15)
 d - a wand of iceblast (9)
 s - a wand of mindburst (7)
Scrolls
 j - a scroll of fog
 l - a scroll of torment {unknown}
 n - 5 scrolls of identify {unknown}
 o - a scroll of acquirement {unknown}
 q - 2 scrolls of teleportation {unknown}
 t - a scroll of immolation {unknown}
 v - a scroll of magic mapping {unknown}
 x - a scroll of poison {unknown}
 y - a scroll of noise {unknown}
Potions
 f - a potion of heal wounds {unknown}
 h - a potion of cancellation {unknown}
 i - 2 potions of lignification {unknown}
 k - 3 potions of curing {unknown}
 m - 2 potions of attraction {unknown}
 p - a potion of might {unknown}
 r - a potion of mutation {unknown}
 w - a potion of degeneration {unknown}


   Skills:
 - Level 1.0 Fighting
 * Level 5.2 Short Blades
 - Level 2.3 Dodging
 - Level 1.4 Stealth
 - Level 3.3 Evocations


You had 4 spell levels left.
You didn't know any spells.
Your spell library contained the following spells:

 Spells                   Type           Power      Damage    Failure   Level
 Sublimation of Blood     Necr           0%         N/A       52%         2
 Wereblood                Tmut           0%         N/A       52%         2
 Summon Hydra             Summ           0%         N/A       100%        7


Dungeon Overview and Level Annotations

Branches:
Dungeon (4/15)
 Temple: D:4-7

Altars:
Dithmenos

Shops:
D:2 =

Annotations:
D:1 exclusion: downstairs
D:4 Blork the orc


Innate Abilities, Weirdness & Mutations

You cannot wear most types of armour.
You are amphibious.
You can wear up to eight rings at the same time.
Your skin changes colour to match your surroundings (Stealth+).
Your rubbery body absorbs attacks. (AC +1, EV +1)
((You are camouflaged when in or above water. (Stealth+)))
You have tentacles for arms and can constrict up to eight enemies at once.


Message History

No target in view!
Unknown command.
n - 5 scrolls labelled FAARRU ZAG (gained 1)
An orc comes into view. It is wielding a +0 dagger.
Unknown command.
An orc is nearby!
An orc is nearby!
The orc shouts!
You hear a shout! x3
The orc throws a boomerang.
The boomerang closely misses you.
An orc warrior comes into view. It is wielding a +0 scimitar.
Unknown command.
There are monsters nearby!
Unknown command.
Blork the orc and an orc come into view.
The orc shouts!
The orc barely misses you.
The orc warrior hits you with a +0 scimitar!
You hit the orc warrior but do no damage.
Your grab misses the orc warrior. You block Blork the orc's attack.
The orc barely misses you. The orc warrior barely misses you.
Unknown command.
You barely miss the orc warrior. Your grab misses the orc warrior.
You squeeze the orc warrior, but do no damage.
The orc barely misses you. You block the orc warrior's attack.
Blork the orc hits you with a +0 long sword!
Unknown command.
Unknown command.
You hit the orc warrior but do no damage.
You grab the orc warrior. Your squeeze misses the orc warrior.
You constrict the orc warrior, but do no damage.
The orc hits you with a +0 dagger.
The orc warrior hits you with a +0 scimitar!
Blork the orc barely misses you.
You release your grip on the orc warrior.
The orc attacks as you move away! The orc hits you with a +0 dagger.
* * * LOW HITPOINT WARNING * * *
The orc warrior attacks as you move away!
The orc warrior hits you with a +0 scimitar!!
Ouch! That really hurt!
You die...

##.#........##...
##.#..<.....#
##.........###
####.##.##.# #. #
[..........# #. .#
.###......## #.###.
[# #......####..o.
.# #......#....oo#
.. .......#.####@#.#
##.########.#....o.#
. #.#.##.###
########.#.##.#
#)............#
#<####..##.####
#...####..##.#
#............#
#...####..####


You could see Blork the orc, an orc warrior and 2 orcs.

Vanquished Creatures
  A howler monkey (D:4)
  A hound (D:4)
  Jessica (D:2)
  Robin (D:2)
  2 adders (D:2)
  A dart slug (D:3)
  3 worms
  3 ball pythons
  9 endoplasms
  3 giant cockroaches (D:2)
  12 goblins
  5 hobgoblins
  7 kobolds
  2 quokkas
  4 bats
  A frilled lizard (D:2)
  5 rats
61 creatures vanquished.

Vanquished Creatures (others)
  4 plants (D:3)
4 creatures vanquished.

Grand Total: 65 creatures vanquished

Notes
Turn   | Place    | Note
-------+----------+-------------------------------------------
     0 | D:1      | holysushi the Octopode Artificer began the quest for the
                  | Orb.
     0 | D:1      | Reached XP level 1. HP: 13/13 MP: 1/1
   104 | D:1      | You fall into a shaft and drop 1 floor!
   105 | D:2      | Noticed Robin
   453 | D:1      | Reached skill level 1 in Short Blades
   487 | D:1      | Reached XP level 2. HP: 17/18 MP: 2/2
   772 | D:1      | Reached skill level 2 in Short Blades
   961 | D:1      | Found a shadowy altar of Dithmenos.
  1010 | D:2      | Noticed Jessica
  1035 | D:2      | Killed Jessica
  1036 | D:2      | Reached skill level 3 in Short Blades
  1036 | D:2      | Reached XP level 3. HP: 19/23 MP: 3/3
  1363 | D:2      | Reached XP level 4. HP: 28/28 MP: 4/4
  1538 | D:2      | Killed Robin
  1847 | D:2      | Reached skill level 4 in Short Blades
  1976 | D:2      | Found Iplax's Jewellery Shop.
  2420 | D:3      | Found a faded altar of an unknown god.
  2487 | D:3      | Reached XP level 5. HP: 33/33 MP: 5/5
  2920 | D:4      | Reached skill level 5 in Short Blades
  3028 | D:4      | Noticed an orc warrior
  3029 | D:4      | Noticed Blork the orc
  3033 | D:4      | Demolished by an orc warrior

Illustrated notes

Levels and vault maps discovered:
D:1:      dpeg_arrival_water_altar, layout_rooms
D:2:      layout_basic, serial_shops, shop, uniq_robin, uniq_jessica
D:3:      layout_loops_ring, chequers_ecumenical_altar_island,
          chequers_big_river
D:4:      layout_loops_cross, minmay_temple_entry_statues_pillars,
          uniq_blork_the_orc

Skill      XL: |  1  2  3  4  5 |
---------------+----------------+-----
Short Blades   | 1 3 4 5 |  5.2
Fighting       | |  1.0
Dodging        | |  2.3
Stealth        | |  1.4
Evocations     | |  3.3

Action                   |  1- 3 |  4- 6 || total
-------------------------+-------+-------++-------
Melee: Dagger            |    58 |    84 ||   142
       Tentacles         |     9 |    19 ||    28
       Constrict         |     8 |    20 ||    28
  Use: Scroll            |       |     3 ||     3
 Stab: Sleeping          |     8 |     8 ||    16
       Distracted        |     1 |       ||     1
Armor: Skin              |    10 |     8 ||    18
Dodge: Dodged            |    37 |    38 ||    75
Block: Buckler           |       |     7 ||     7

Table legend: (Time is in decaauts)
 A = Elapsed time spent in this place.
 B = Non-inter-level travel time spent in this place.
 C = Inter-level travel time spent in this place.
 D = Time resting spent in this place.
 E = Time spent auto-exploring this place.
 F = Levels seen in this place.
 G = Mean time per level.
                   A        B        C        D        E       F      G
               +--------+--------+--------+--------+--------+-----+--------+
         Total |   3011 |   2886 |    125 |   1067 |   1163 |   4 |  752.8 |
       Dungeon |   3011 |   2886 |    125 |   1067 |   1163 |   4 |  752.8 |
               +--------+--------+--------+--------+--------+-----+--------+

Top non-repeatable levels by time:
     D:1: 1318 daAuts
     D:2: 961 daAuts
     D:3: 623 daAuts
     D:4: 107 daAuts
